 Dungeon Crawl Stone Soup version 0.22-a0-252-gcace5d2 (webtiles) character file.

16 Amnesiac the Ducker (level 2, 0/16 HPs)
             Began as a Spriggan Fighter on Mar 2, 2018.
             Succumbed to a goblin's poison
             ... on level 1 of the Dungeon.
             The game lasted 00:01:33 (976 turns).

Amnesiac the Ducker (Spriggan Fighter)               Turns: 976, Time: 00:01:34

Health: 0/16       AC:  2    Str: 12    XL:     2   Next: 37%
Magic:  3/3        EV: 19    Int:  9    God:
Gold:   22         SH:  6    Dex: 15    Spells: 1/1 levels left

rFire    . . .     SeeInvis +   a - +1 dagger (venom)
rCold    . . .     Gourm    .   c - +0 buckler
rNeg     . . .     Faith    .   b - +0 robe
rPois    .         Spirit   .   (helmet restricted)
rElec    .         Reflect  .   (no cloak)
rCorr    .         Harm     .   (gloves unavailable)
MR       .....                  (boots unavailable)
Stlth    +.........             (no amulet)
HPRegen  0.05/turn              (no ring)
MPRegen  0.08/turn              (no ring)

@: lethally poisoned (0 -> -4), very quick
A: very small, unfitting armour, see invisible, herbivore, speed 3, slow
metabolism 2
a: no special abilities


You were on level 1 of the Dungeon.
You were not hungry.

You visited 1 branch of the dungeon, and saw 2 of its levels.

You collected 22 gold pieces.

Inventory:

Hand Weapons
 a - a +1 dagger of venom (weapon)
 n - a +0 long sword
Missiles
 i - 15 poisoned needles
 m - 32 stones (quivered)
Armour
 b - a +0 robe (worn)
 c - a +0 buckler (worn)
Scrolls
 e - a scroll of identify {!r, unknown}
 h - a scroll of enchant weapon {!r, unknown}
 j - a scroll of blinking {!r, unknown}
 k - a scroll of amnesia {!r, unknown}
 l - a scroll of teleportation {!r, unknown}
Potions
 d - a potion of might {!q}
Comestibles
 f - a ration


   Skills:
 + Level 2.5 Fighting
 - Level 2.0 Long Blades
 - Level 4.9 Dodging
 - Level 2.2 Shields


You had one spell level left.
You didn't know any spells.

Dungeon Overview and Level Annotations

Branches:
Dungeon (2/15)

Altars:


Innate Abilities, Weirdness & Mutations

You are very small and have problems with some larger weapons.
You are too small for most types of armour.
You have supernaturally acute eyesight. (SInv)
You are a herbivore.
You cover ground extremely quickly.
You need consume almost no food.


Message History

The kobold misses you. The kobold hits you with a club.
You barely miss the kobold.
The kobold is severely wounded.
The kobold barely misses you.
You hit the kobold but do no damage.
The kobold is severely wounded.
You block the kobold's attack.
You miss the kobold.
The kobold is severely wounded.
The kobold closely misses you.
You barely miss the kobold.
The kobold is severely wounded.
The kobold closely misses you.
You hit the kobold.
You kill the kobold!
No target in view!
No target in view!
Things that are here:
a dagger; a kobold corpse A goblin comes into view.
It is wielding a dagger of venom.
The goblin shouts!
A goblin is nearby!
A goblin is nearby!
You hit the goblin but do no damage.
The goblin hits you with a dagger of venom.
* * * LOW HITPOINT WARNING * * *
You are lethally poisoned!
You hit the goblin.
You kill the goblin!
* * * LOW HITPOINT WARNING * * *
You feel sick.
No target in view!
* * * LOW HITPOINT WARNING * * *
You feel sick.
Things that are here:
a dagger of venom; a goblin corpse
n - a dagger of venom Wield which item (- for none, * to show all)? (? for menu, Esc to quit)
Your +1 dagger of venom begins to drip with poison!
n - a +1 dagger of venom (weapon)
Adjust (i)tems, (s)pells, or (a)bilities?
Adjust which item? (? for menu, Esc to quit)
n - a +1 dagger of venom (weapon)
Adjust to which letter? (? for menu, Esc to quit)
a - a +1 dagger of venom (weapon);
n - a +0 long sword Really quaff
g - an amethyst potion {!q}?
It was a potion of cancellation {!q}.
You feel magically purged.
* * * LOW HITPOINT WARNING * * *
You feel sick.
* * * LOW HITPOINT WARNING * * *
You feel sick.
* * * LOW HITPOINT WARNING * * *
You feel sick.
* * * LOW HITPOINT WARNING * * *
You feel sick.
* * * LOW HITPOINT WARNING * * *
You feel sick.
Found 18 arrows.
* * * LOW HITPOINT WARNING * * *
You feel sick.
You see here 18 arrows.
You swing at nothing.
You swing at nothing.
You die...

..# #.# .
##.### #
....# #..#
#######..#
#........#
#.######(#
#.# #@# #.#
#.# # #.#
..# # #.#
#### # #.#
# #.# #####
#.# ....#
#.#
....#####.#


There were no monsters in sight!

Vanquished Creatures
  A leopard gecko (D:1)
  4 bats (D:1)
  A hobgoblin (D:1)
  4 jackals
  A frilled lizard (D:1)
  A goblin (D:1)
  2 kobolds (D:1)
  A rat (D:1)
15 creatures vanquished.

Notes
Turn   | Place    | Note
-------+----------+-------------------------------------------
     0 | D:1      | Amnesiac the Spriggan Fighter began the quest for the Orb.
     0 | D:1      | Reached XP level 1. HP: 11/11 MP: 2/2
   708 | D:2      | Reached XP level 2. HP: 16/16 MP: 3/3
   976 | D:1      | Succumbed to a goblin's poison

Vault maps used:
D:1:      tarquinn_simple_flora_water_f

Skill      XL: |  1 |
---------------+----+-----
Long Blades    | 2 |  2.0
Fighting       | |  2.5
Dodging        | |  4.9
Shields        | |  2.2

Action                   || total
-------------------------++-------
Melee: Long sword        ||    57
  Use: Potion            ||     1
 Stab: Sleeping          ||     1
Armor: Robe              ||     5
Dodge: Dodged            ||    53
Block: Buckler           ||    23
       Rpst.: Long sword ||    20

Table legend:
 A = Spawn XP
 B = Non-spawn XP
 C = Spawn XP percentage of total XP
 D = Spawn monster count
 E = Non-spawn monster count
 F = Spawn count percentage of total count
 G = Total turns spent on level
                    A         B        C        D         E        F      G
               +---------+---------+-------+---------+---------+-------+---------
         Total |       0 |      23 |   0.0 |       0 |      15 |   0.0 |   976
               +---------+---------+-------+---------+---------+-------+---------
           D:1 |       0 |      19 |   0.0 |       0 |      13 |   0.0 |   725
           D:2 |       0 |       4 |   0.0 |       0 |       2 |   0.0 |   251
               +---------+---------+-------+---------+---------+-------+---------
